[ AOE2 MATCH · #477692641 ]
Team RMMagyars vs Italians
[ REPLAY ANALYSIS · EXTRACTED FROM THE RECORDED GAME ]
Feudal
—
Castle
—
Imperial
—
| APM avg | 11.9 |
| APM peak | 22 |
| eAPM avg | 7.1 |
| Villagers / military | 21 / 0 |
Focus
⚔️ 3.6% · 🌾 96.4%
Feudal
—
Castle
—
Imperial
—
| APM avg | 23.7 |
| APM peak | 39 |
| eAPM avg | 10.4 |
| Villagers / military | 24 / 0 |
Focus
⚔️ 2.4% · 🌾 97.6%
Feudal
—
Castle
—
Imperial
—
| APM avg | 30.5 |
| APM peak | 78 |
| eAPM avg | 10.2 |
| Villagers / military | 14 / 0 |
Focus
⚔️ 10.0% · 🌾 90.0%
Feudal
—
Castle
—
Imperial
—
| APM avg | 19.0 |
| APM peak | 64 |
| eAPM avg | 10.3 |
| Villagers / military | 26 / 0 |
Focus
⚔️ 2.3% · 🌾 97.7%
Feudal
—
Castle
—
Imperial
—
| APM avg | 24.4 |
| APM peak | 48 |
| eAPM avg | 9.7 |
| Villagers / military | 23 / 0 |
Focus
⚔️ 9.1% · 🌾 90.9%
Feudal
—
Castle
—
Imperial
—
| APM avg | 11.7 |
| APM peak | 28 |
| eAPM avg | 7.1 |
| Villagers / military | 26 / 0 |
Focus
⚔️ 0.0% · 🌾 100.0%
Feudal
—
Castle
—
Imperial
—
| APM avg | 27.9 |
| APM peak | 44 |
| eAPM avg | 10.5 |
| Villagers / military | 26 / 0 |
Focus
⚔️ 0.0% · 🌾 100.0%
Feudal
—
Castle
—
Imperial
—
| APM avg | 26.6 |
| APM peak | 54 |
| eAPM avg | 7.8 |
| Villagers / military | 15 / 0 |
Focus
⚔️ 16.9% · 🌾 83.1%
Match map
Resources at game start + every placement click. Thick line = wall · dashed box = detected house wall. 🟡 gold · ⚪ stone · 🟢 berries · 🔶 boar · ⭕ relic
Inputs per minute
— 喜多川海梦 - - jcg2212
Build order — 喜多川海梦
26 actions detected in the replay
| 0:05 | Build | House |
| 0:09 | Build | House |
| 0:15 | Build | House |
| 0:17 | Create | Villager (Male) ×4 |
| 1:05 | Build | House |
| 2:05 | Create | Villager (Male) |
| 2:34 | Create | Villager (Male) |
| 2:34 | Create | Villager (Male) |
| 2:35 | Create | Villager (Male) |
| 2:58 | Create | Villager (Male) |
| 2:59 | Create | Villager (Male) |
| 4:10 | Create | Villager (Male) |
| 4:10 | Create | Villager (Male) |
| 4:10 | Create | Villager (Male) |
| 4:10 | Create | Villager (Male) |
| 4:23 | Build | Mill |
| 4:26 | Create | Villager (Male) |
| 5:35 | Create | Villager (Male) |
| 6:08 | Create | Villager (Male) |
| 6:15 | Create | Villager (Male) |
| 6:48 | Build | Lumber Camp |
| 6:56 | Create | Villager (Male) |
| 7:11 | Create | Villager (Male) |
| 7:50 | Create | Villager (Male) |
| 8:04 | Build | Farm |
| 8:40 | Build | Farm |
Build order — jcg2212
32 actions detected in the replay
| 0:03 | Research | Loom |
| 0:09 | Build | House |
| 0:10 | Build | House |
| 0:11 | Create | Villager (Male) |
| 0:12 | Create | Villager (Male) |
| 0:12 | Create | Villager (Male) |
| 0:12 | Create | Villager (Male) |
| 0:12 | Create | Villager (Male) |
| 2:10 | Create | Villager (Male) |
| 2:48 | Create | Villager (Male) |
| 2:49 | Create | Villager (Male) |
| 3:23 | Build | Lumber Camp |
| 3:40 | Create | Villager (Male) |
| 3:40 | Create | Villager (Male) |
| 4:10 | Build | Mill |
| 4:12 | Create | Villager (Male) |
| 4:27 | Create | Villager (Male) |
| 4:27 | Create | Villager (Male) |
| 4:35 | Build | House |
| 4:56 | Build | House |
| 5:10 | Create | Villager (Male) |
| 5:11 | Create | Villager (Male) |
| 5:34 | Build | House |
| 5:41 | Create | Villager (Male) |
| 5:41 | Create | Villager (Male) |
| 6:21 | Create | Villager (Male) |
| 6:46 | Create | Villager (Male) |
| 7:05 | Create | Villager (Male) |
| 7:05 | Create | Villager (Male) |
| 7:59 | Create | Villager (Male) |
| 8:36 | Create | Villager (Male) |
| 8:37 | Create | Villager (Male) |
Build order — Tsukitech
20 actions detected in the replay
| 0:46 | Build | House |
| 0:48 | Build | House |
| 0:49 | Create | Villager (Male) |
| 0:49 | Create | Villager (Male) |
| 1:23 | Create | Villager (Male) |
| 1:59 | Create | Villager (Male) |
| 2:44 | Create | Villager (Male) |
| 4:05 | Create | Villager (Male) |
| 4:34 | Create | Villager (Male) |
| 4:46 | Build | Mill |
| 5:03 | Create | Villager (Male) |
| 5:07 | Build | House |
| 5:43 | Create | Villager (Male) |
| 6:15 | Create | Villager (Male) |
| 6:41 | Create | Villager (Male) |
| 6:45 | Build | Lumber Camp |
| 7:12 | Create | Villager (Male) |
| 7:38 | Create | Villager (Male) |
| 7:48 | Create | Villager (Male) |
| 8:15 | Build | Mill |
Build order — プッシー・デストロイ
35 actions detected in the replay
| 0:05 | Build | House |
| 0:06 | Build | House |
| 0:08 | Create | Villager (Male) |
| 0:08 | Create | Villager (Male) |
| 0:08 | Create | Villager (Male) |
| 0:08 | Create | Villager (Male) |
| 0:09 | Create | Villager (Male) |
| 1:13 | Create | Villager (Male) |
| 1:43 | Create | Villager (Male) |
| 2:14 | Create | Villager (Male) |
| 2:38 | Create | Villager (Male) |
| 2:39 | Create | Villager (Male) |
| 3:16 | Create | Villager (Male) |
| 3:23 | Create | Villager (Male) |
| 3:32 | Build | House |
| 3:38 | Build | Mill |
| 3:50 | Create | Villager (Male) |
| 4:17 | Research | Loom |
| 4:23 | Build | House |
| 5:22 | Create | Villager (Male) |
| 5:23 | Create | Villager (Male) |
| 5:45 | Create | Villager (Male) |
| 5:45 | Create | Villager (Male) |
| 5:46 | Create | Villager (Male) |
| 6:27 | Create | Villager (Male) |
| 6:42 | Create | Villager (Male) |
| 6:49 | Build | House |
| 7:14 | Create | Villager (Male) |
| 7:33 | Build | Lumber Camp |
| 7:39 | Create | Villager (Male) |
| 8:16 | Create | Villager (Male) |
| 8:20 | Create | Villager (Male) |
| 8:35 | Create | Villager (Male) |
| 8:41 | Create | Villager (Male) |
| 8:55 | Build | Mill |
Build order — 二十七步天注定
30 actions detected in the replay
| 0:04 | Build | House |
| 0:06 | Build | House |
| 0:07 | Create | Villager (Male) |
| 0:07 | Create | Villager (Male) |
| 0:08 | Create | Villager (Male) |
| 0:08 | Create | Villager (Male) |
| 0:08 | Create | Villager (Male) |
| 1:34 | Create | Villager (Male) |
| 1:35 | Create | Villager (Male) |
| 1:56 | Build | Lumber Camp |
| 2:06 | Create | Villager (Male) |
| 2:22 | Create | Villager (Male) |
| 2:22 | Create | Villager (Male) |
| 2:57 | Create | Villager (Male) |
| 3:16 | Create | Villager (Male) |
| 3:53 | Create | Villager (Male) |
| 3:56 | Build | House |
| 4:09 | Create | Villager (Male) |
| 4:25 | Build | Mill |
| 4:51 | Create | Villager (Male) |
| 4:52 | Create | Villager (Male) |
| 5:02 | Create | Villager (Male) |
| 5:25 | Create | Villager (Male) |
| 6:05 | Create | Villager (Male) |
| 6:14 | Build | House |
| 6:59 | Create | Villager (Male) |
| 7:01 | Create | Villager (Male) |
| 8:04 | Research | Feudal Age |
| 8:45 | Create | Villager (Male) |
| 8:47 | Create | Villager (Male) |
Build order — Mehrwehrsteuer
38 actions detected in the replay
| 0:08 | Create | Villager (Male) |
| 0:08 | Research | Loom |
| 0:08 | Create | Villager (Male) |
| 0:08 | Create | Villager (Male) |
| 0:09 | Create | Villager (Male) |
| 0:09 | Create | Villager (Male) |
| 0:13 | Build | House |
| 0:16 | Build | House |
| 1:34 | Build | Lumber Camp |
| 2:36 | Create | Villager (Male) |
| 2:36 | Create | Villager (Male) |
| 2:36 | Create | Villager (Male) |
| 3:12 | Create | Villager (Male) |
| 3:12 | Create | Villager (Male) |
| 3:45 | Create | Villager (Male) |
| 3:45 | Create | Villager (Male) |
| 4:13 | Create | Villager (Male) |
| 4:13 | Create | Villager (Male) |
| 4:36 | Create | Villager (Male) |
| 4:36 | Create | Villager (Male) |
| 4:37 | Create | Villager (Male) |
| 4:37 | Create | Villager (Male) |
| 5:21 | Build | House |
| 5:24 | Build | House |
| 5:26 | Build | House |
| 5:39 | Create | Villager (Male) |
| 5:39 | Create | Villager (Male) |
| 6:42 | Create | Villager (Male) |
| 6:42 | Create | Villager (Male) |
| 6:43 | Create | Villager (Male) |
| 6:44 | Create | Villager (Male) |
| 6:44 | Create | Villager (Male) |
| 6:45 | Create | Villager (Male) |
| 7:12 | Build | Mill |
| 7:54 | Build | House |
| 7:55 | Build | House |
| 7:56 | Build | House |
| 8:49 | Build | Mining Camp |
Build order — 打死不投降
34 actions detected in the replay
| 0:03 | Create | Villager (Male) |
| 0:04 | Create | Villager (Male) |
| 0:04 | Create | Villager (Male) |
| 0:04 | Create | Villager (Male) |
| 0:07 | Build | House |
| 0:10 | Build | House |
| 1:43 | Create | Villager (Male) |
| 1:43 | Create | Villager (Male) |
| 2:26 | Create | Villager (Male) |
| 2:29 | Create | Villager (Male) |
| 2:30 | Create | Villager (Male) |
| 3:26 | Create | Villager (Male) |
| 3:26 | Create | Villager (Male) |
| 3:56 | Build | House |
| 4:04 | Create | Villager (Male) |
| 4:32 | Build | Mill |
| 4:36 | Create | Villager (Male) |
| 5:04 | Create | Villager (Male) |
| 5:04 | Create | Villager (Male) |
| 5:04 | Create | Villager (Male) |
| 5:24 | Create | Villager (Male) |
| 5:25 | Create | Villager (Male) |
| 5:25 | Create | Villager (Male) |
| 6:00 | Create | Villager (Male) |
| 6:00 | Create | Villager (Male) |
| 6:41 | Build | House |
| 7:20 | Build | Lumber Camp |
| 7:31 | Create | Villager (Male) |
| 7:31 | Create | Villager (Male) |
| 8:25 | Create | Villager (Male) |
| 8:26 | Create | Villager (Male) |
| 8:28 | Research | Feudal Age |
| 9:00 | Create | Villager (Male) |
| 9:06 | Build | House |
Build order — 家恒
20 actions detected in the replay
| 0:03 | Build | House |
| 0:04 | Build | House |
| 0:07 | Build | House |
| 0:08 | Create | Villager (Male) |
| 0:08 | Create | Villager (Male) |
| 0:09 | Create | Villager (Male) |
| 0:09 | Create | Villager (Male) |
| 0:09 | Create | Villager (Male) |
| 2:03 | Create | Villager (Male) |
| 2:15 | Create | Villager (Male) |
| 3:09 | Create | Villager (Male) |
| 3:18 | Create | Villager (Male) |
| 4:12 | Create | Villager (Male) |
| 4:38 | Create | Villager (Male) |
| 4:43 | Build | Lumber Camp |
| 4:46 | Create | Villager (Male) |
| 5:04 | Create | Villager (Male) |
| 5:56 | Create | Villager (Male) |
| 6:21 | Create | Villager (Male) |
| 6:31 | Build | Mill |
Match timeline
| 8:17 | 家恒 · resign |
[ AI ANALYSIS · 1 CREDIT ]
What really happened in this match?
Wolo.gg analyzes every decision: build order, eco, micro, common mistakes by bracket. Personalized analysis on WhatsApp or Discord in 30 seconds.
Civ guide
Magyars
Map guide
Amazon Tunnel
Perfil
喜多川海梦